PCL
LANSING LUGNUTS @ MILE HIGH BRONCOS
07/10/2023
 
TOP OF THE 1ST
Lansing Lugnuts batting - Pitching for Mile High Broncos : LHP John Wilkins
Pitching: LHP John Wilkins
Batting: RHB Taki Chikafuji 0-0: Ball
1-0: Fly out, F8 (Flyball, 8RS)
Batting: RHB Júlio Caraballo 0-0: Called Strike
0-1: Ball
1-1: Foul Ball, location: 2F
1-2: Foul Ball, location: 2F
1-2: Ball
2-2: Strikes out swinging
Batting: LHB Lewis Barr 0-0: Called Strike
0-1: Ball
1-1: Fly out, F7 (Flyball, 8LM)
Top of the 1st over - 0 run(s), 0 hit(s), 0 error(s), 0 left on base; Lansing 0 - Mile High 0
BOTTOM OF THE 1ST
Mile High Broncos batting - Pitching for Lansing Lugnuts : RHP Jack Walker
Pitching: RHP Jack Walker
Batting: RHB Damian Yates 0-0: Called Strike
0-1: Ball
1-1: Called Strike
1-2: Fly out, F9 (Flyball, 9LMF)
Batting: LHB Diego González 0-0: Swinging Strike
0-1: Ball
1-1: Foul Ball, location: 2F
1-2: Ball
2-2: Fly out, F5 (Line Drive, 56S)
Batting: RHB António Martínez 0-0: Ball
1-0: DOUBLE (Flyball, 7D)
Batting: RHB Phil White 0-0: Ground out 6-3 (Groundball, 6)
Bottom of the 1st over - 0 run(s), 1 hit(s), 0 error(s), 1 left on base; Lansing 0 - Mile High 0
TOP OF THE 2ND
Lansing Lugnuts batting - Pitching for Mile High Broncos : LHP John Wilkins
Batting: RHB Jeff Packard 0-0: SOLO HOME RUN (Flyball, 9D), Distance : 388 ft
Batting: LHB Damon Mitchell 0-0: Ball
1-0: Called Strike
1-1: Called Strike
1-2: Foul Ball, location: 2F
1-2: Ball
2-2: Foul Ball, location: 2F
2-2: Ball
3-2: Foul Ball, location: 2F
3-2: Ground out 4-3 (Groundball, 4)
Batting: LHB Jeffrey Satterley 0-0: Fly out, F7 (Flyball, 78M)
Batting: RHB Héctor Pinto 0-0: Ball
1-0: Called Strike
1-1: Ball
2-1: Fly out, F2 (Popup, 2LF)
Top of the 2nd over - 1 run(s), 1 hit(s), 0 error(s), 0 left on base; Lansing 1 - Mile High 0
BOTTOM OF THE 2ND
Mile High Broncos batting - Pitching for Lansing Lugnuts : RHP Jack Walker
Batting: LHB Bill Houston 0-0: Called Strike
0-1: Ball
1-1: SOLO HOME RUN (Flyball, 9D), Distance : 393 ft
Batting: RHB Juan Gonzáles 0-0: Called Strike
0-1: SINGLE (Flyball, 7S)
Batting: RHB José Herrera 0-0: Ball
1-0: Foul Ball, location: 2F
1-1: Called Strike
1-2: Strikes out looking
Batting: RHB Ximena Campos 0-0: Ball
1-0: Ball
2-0: DOUBLE (Flyball, 8LXD)
Juan Gonzáles to third
Batting: SHB Tom Stevens 0-0: Foul Ball, location: 2F
0-1: SINGLE (Line Drive, 7S)
Juan Gonzáles scores
Ximena Campos to third
Batting: RHB Damian Yates 0-0: Called Strike
0-1: Ball
1-1: Fly out, F9 (Flyball, 9LMF)
Runner from 3rd tags up, SCORES, throw made
Batting: LHB Diego González 0-0: Ball
1-0: Swinging Strike
1-1: SINGLE (Line Drive, 8RS)
Tom Stevens to second
Runner from 2nd tries for 3rd, SAFE, no throw or cutoff
Batting: RHB António Martínez 0-0: Called Strike
Diego González is caught stealing 2nd base
Bottom of the 2nd over - 3 run(s), 5 hit(s), 0 error(s), 0 left on base; Lansing 1 - Mile High 3
TOP OF THE 3RD
Lansing Lugnuts batting - Pitching for Mile High Broncos : LHP John Wilkins
Batting: RHB Rafael González 0-0: SINGLE (Groundball, 34)
Batting: RHB Tony Reyes 0-0: Grounds into double play, U4-3 (Groundball, 4)
Batting: RHB Taki Chikafuji 0-0: Called Strike
0-1: Ball
1-1: Ball
2-1: SINGLE (Line Drive, 89S)
Batting: RHB Júlio Caraballo 0-0: Foul Ball, location: 2F
0-1: Ball
1-1: Ball
2-1: Foul Ball, location: 2F
2-2: Strikes out swinging
Top of the 3rd over - 0 run(s), 2 hit(s), 0 error(s), 1 left on base; Lansing 1 - Mile High 3
BOTTOM OF THE 3RD
Mile High Broncos batting - Pitching for Lansing Lugnuts : RHP Jack Walker
Batting: RHB António Martínez 0-0: Called Strike
0-1: Called Strike
0-2: Ball
1-2: Ball
2-2: Foul Ball, location: 2F
2-2: Ball
3-2: Reached on error, E4 (Groundball, 4)
Batting: RHB Phil White 0-0: Foul Ball, location: 2F
0-1: Ball
1-1: Foul Ball, location: 2F
1-2: Foul Ball, location: 2F
1-2: Ball
2-2: Fly out, F9 (Flyball, 9M)
Batting: LHB Bill Houston Pickoff Throw to First - Out!
0-0: Called Strike
0-1: Called Strike
0-2: Foul Ball, location: 2F
0-2: Strikes out swinging
Bottom of the 3rd over - 0 run(s), 0 hit(s), 1 error(s), 0 left on base; Lansing 1 - Mile High 3
TOP OF THE 4TH
Lansing Lugnuts batting - Pitching for Mile High Broncos : LHP John Wilkins
Batting: LHB Lewis Barr 0-0: Called Strike
0-1: Foul Ball, location: 2F
0-2: Fly out, F5 (Line Drive, 56)
Batting: RHB Jeff Packard 0-0: Ball
1-0: Foul Ball, location: 2F
1-1: Ground out 5-3 (Groundball, 5L)
Batting: LHB Damon Mitchell 0-0: Swinging Strike
0-1: Foul Ball, location: 2F
0-2: Ball
1-2: Foul Ball, location: 2F
1-2: Strikes out swinging
Top of the 4th over - 0 run(s), 0 hit(s), 0 error(s), 0 left on base; Lansing 1 - Mile High 3
BOTTOM OF THE 4TH
Mile High Broncos batting - Pitching for Lansing Lugnuts : RHP Jack Walker
Batting: RHB Juan Gonzáles 0-0: Ball
1-0: Ball
2-0: Foul Ball, location: 2F
2-1: Ball
3-1: Base on Balls
Batting: RHB José Herrera 0-0: Ball
1-0: Foul Ball, location: 2F
1-1: Foul Ball, location: 2F
1-2: Ball
2-2: Foul Ball, location: 2F
2-2: Ball
3-2: SINGLE (Groundball, 6MD)
Juan Gonzáles to second
Batting: RHB Ximena Campos 0-0: Called Strike
0-1: Ball
1-1: Foul Ball, location: 2F
1-2: Grounds into double play, 6-4-3 (Groundball, 6)
Juan Gonzáles to third
Batting: SHB Tom Stevens 0-0: Ball
1-0: Foul Ball, location: 2F
1-1: Foul Ball, location: 2F
1-2: Foul Ball, location: 2F
1-2: Ball
2-2: Ground out 4-3 (Groundball, 4)
Bottom of the 4th over - 0 run(s), 1 hit(s), 0 error(s), 1 left on base; Lansing 1 - Mile High 3
TOP OF THE 5TH
Lansing Lugnuts batting - Pitching for Mile High Broncos : LHP John Wilkins
Batting: LHB Jeffrey Satterley 0-0: Ball
1-0: Called Strike
1-1: Called Strike
1-2: Foul Ball, location: 2F
1-2: Ball
2-2: Ball
3-2: Ground out 6-3 (Groundball, 6)
Batting: RHB Héctor Pinto 0-0: Ball
1-0: SOLO HOME RUN (Flyball, 7LD), Distance : 375 ft
Batting: RHB Rafael González 0-0: Called Strike
0-1: Called Strike
0-2: Ball
1-2: Foul Ball, location: 2F
1-2: Foul Ball, location: 2F
1-2: Ball
2-2: Foul Ball, location: 2F
2-2: Ball
3-2: Fly out, F7 (Flyball, 78M)
Batting: RHB Tony Reyes 0-0: Called Strike
0-1: Ball
1-1: Ball
2-1: Ground out 6-3 (Groundball, 6)
Top of the 5th over - 1 run(s), 1 hit(s), 0 error(s), 0 left on base; Lansing 2 - Mile High 3
BOTTOM OF THE 5TH
Mile High Broncos batting - Pitching for Lansing Lugnuts : RHP Jack Walker
Batting: RHB Damian Yates 0-0: Foul Ball, location: 2F
0-1: Fly out, F9 (Flyball, 89S)
Batting: LHB Diego González 0-0: Ground out 4-3 (Groundball, 4)
Batting: RHB António Martínez 0-0: Called Strike
0-1: Ball
1-1: SOLO HOME RUN (Flyball, 78XD), Distance : 418 ft
Batting: RHB Phil White 0-0: Swinging Strike
0-1: Ball
1-1: Foul Ball, location: 2F
1-2: Ball
2-2: Ball
3-2: Strikes out swinging
Bottom of the 5th over - 1 run(s), 1 hit(s), 0 error(s), 0 left on base; Lansing 2 - Mile High 4
TOP OF THE 6TH
Lansing Lugnuts batting - Pitching for Mile High Broncos : LHP John Wilkins
Batting: RHB Taki Chikafuji 0-0: Swinging Strike
0-1: Ball
1-1: Fly out, F2 (Popup, 2RF)
Batting: RHB Júlio Caraballo 0-0: Called Strike
0-1: Foul Ball, location: 2F
0-2: Ball
1-2: Ground out 5-3 (Groundball, 5L)
Batting: LHB Lewis Barr 0-0: Foul Ball, location: 2F
0-1: Ball
1-1: Ball
2-1: SINGLE (Line Drive, 7LM)
Batting: RHB Jeff Packard 0-0: Called Strike
Lewis Barr is caught stealing 2nd base
Top of the 6th over - 0 run(s), 1 hit(s), 0 error(s), 0 left on base; Lansing 2 - Mile High 4
BOTTOM OF THE 6TH
Mile High Broncos batting - Pitching for Lansing Lugnuts : RHP Jack Walker
Batting: LHB Bill Houston 0-0: Called Strike
0-1: Ball
1-1: Ball
2-1: Ball
3-1: Foul Ball, location: 2F
3-2: SOLO HOME RUN (Flyball, 9D), Distance : 382 ft
Batting: RHB Juan Gonzáles 0-0: SINGLE (Line Drive, 89S)
Batting: RHB José Herrera 0-0: Fly out, F9 (Flyball, 89S)
Batting: RHB Ximena Campos 0-0: Ball
1-0: Called Strike
1-1: Ball
2-1: Foul Ball, location: 2F
2-2: Grounds into double play, 5-4-3 (Groundball, 5)
Bottom of the 6th over - 1 run(s), 2 hit(s), 0 error(s), 0 left on base; Lansing 2 - Mile High 5
TOP OF THE 7TH
Lansing Lugnuts batting - Pitching for Mile High Broncos : LHP John Wilkins
Batting: RHB Jeff Packard 0-0: Ball
1-0: Swinging Strike
1-1: Foul Ball, location: 2F
1-2: Foul Ball, location: 2F
1-2: SINGLE (Groundball, 56D)
Batting: LHB Damon Mitchell 0-0: Called Strike
0-1: Foul Ball, location: 2F
0-2: Ball
1-2: Ball
2-2: Fly out, F7 (Popup, 56D)
Batting: LHB Jeffrey Satterley 0-0: Ball
1-0: Ball
2-0: Called Strike
2-1: Ball
3-1: SINGLE (Flyball, 8LS)
Jeff Packard to second
Pitching: LHP Jorge García
Batting: RHB Héctor Pinto 0-0: Ball
1-0: Ball
2-0: Ball
3-0: Fly out, F9 (Flyball, 9LM)
Runner from 2nd tags up, OUT at 3rd
Top of the 7th over - 0 run(s), 2 hit(s), 0 error(s), 1 left on base; Lansing 2 - Mile High 5
BOTTOM OF THE 7TH
Mile High Broncos batting - Pitching for Lansing Lugnuts : RHP Jack Walker
Batting: SHB Tom Stevens 0-0: Called Strike
0-1: Called Strike
0-2: Foul Ball, location: 2F
0-2: DOUBLE (Flyball, 8LM)
Pitching: RHP Raúl Contreras
Batting: RHB Damian Yates 0-0: Called Strike
0-1: DOUBLE (Line Drive, 3L)
Tom Stevens scores
Batting: LHB Diego González 0-0: Ball
1-0: Ball
2-0: Called Strike
2-1: Ball
3-1: Base on Balls
Batting: RHB António Martínez 0-0: Grounds into double play, U5-3 (Groundball, 5L)
Diego González to second
Batting: RHB Phil White 0-0: Ball
1-0: Called Strike
1-1: Called Strike
1-2: Strikes out swinging
Bottom of the 7th over - 1 run(s), 2 hit(s), 0 error(s), 1 left on base; Lansing 2 - Mile High 6
TOP OF THE 8TH
Lansing Lugnuts batting - Pitching for Mile High Broncos : LHP Jorge García
Batting: RHB Rafael González 0-0: Ball
1-0: Foul Ball, location: 2F
1-1: Ball
2-1: Called Strike
2-2: SINGLE (Line Drive, 6M)
Batting: RHB Tony Reyes 0-0: Ball
1-0: Foul Ball, location: 2F
1-1: Foul Ball, location: 2F
1-2: Strikes out swinging
Batting: RHB Taki Chikafuji 0-0: Swinging Strike
0-1: Foul Ball, location: 2F
0-2: Ball
1-2: Foul Ball, location: 2F
1-2: Foul Ball, location: 2F
1-2: Ball
2-2: Foul Ball, location: 2F
2-2: Strikes out looking
Batting: RHB Júlio Caraballo 0-0: Ball
1-0: Ball
2-0: Ball
3-0: Called Strike
3-1: Called Strike
3-2: 2-RUN HOME RUN (Flyball, 7D), Distance : 367 ft
Pitching: RHP Dave Powers
Batting: LHB Lewis Barr 0-0: Swinging Strike
0-1: Foul Ball, location: 2F
0-2: Ball
1-2: Strikes out swinging
Top of the 8th over - 2 run(s), 2 hit(s), 0 error(s), 0 left on base; Lansing 4 - Mile High 6
BOTTOM OF THE 8TH
Mile High Broncos batting - Pitching for Lansing Lugnuts : RHP Raúl Contreras
Batting: LHB Bill Houston 0-0: Ball
1-0: Ball
2-0: Called Strike
2-1: Swinging Strike
2-2: Ground out 1-3 (Groundball, 15)
Batting: RHB Juan Gonzáles 0-0: Called Strike
0-1: Called Strike
0-2: Strikes out looking
Batting: RHB José Herrera 0-0: Called Strike
0-1: Ball
1-1: Ball
2-1: Foul Ball, location: 2F
2-2: Foul Ball, location: 2F
2-2: Strikes out swinging
Bottom of the 8th over - 0 run(s), 0 hit(s), 0 error(s), 0 left on base; Lansing 4 - Mile High 6
TOP OF THE 9TH
Lansing Lugnuts batting - Pitching for Mile High Broncos : RHP Dave Powers
Pitching: RHP Yong-taek Yi
Batting: RHB Jeff Packard 0-0: Swinging Strike
0-1: Foul Ball, location: 2F
0-2: Foul Ball, location: 2F
0-2: Strikes out swinging
Batting: LHB Damon Mitchell 0-0: Called Strike
0-1: Fly out, F5 (Line Drive, 56)
Batting: LHB Jeffrey Satterley 0-0: Ball
1-0: Foul Ball, location: 2F
1-1: Swinging Strike
1-2: Strikes out swinging
Top of the 9th over - 0 run(s), 0 hit(s), 0 error(s), 0 left on base; Lansing 4 - Mile High 6
This league is powered by Out of the Park Baseball, the baseball management simulation game for PC, Mac and Linux
Wednesday, December 2nd, 2015 - OOTP Baseball 16.8 Build 38